 Dungeon Crawl Stone Soup version 0.15-a0-756-g319e367 (webtiles) character file.

131 Qrupt the Covered (level 5, -7/37 HPs)
             Began as a Human Wanderer on May 12, 2014.
             Killed by divine providence
             ... invoked by an orc priest
              (8 damage)
             ... on Level 3 of the Dungeon.
             The game lasted 00:07:12 (2388 turns).

Qrupt the Covered (Human Wanderer)                  Turns: 2388, Time: 00:07:16

HP  -7/37        AC 11     Str 17      XL: 5   Next: 37%
MP   0/6         EV  6     Int 15      God:
Gold 217         SH  0     Dex 11      Spells:  0 memorised,  4 levels left

rFire  . . .     SeeInvis .     p - -3,-2 hand axe (curse)
rCold  . . .     Clarity  .     a - +2 scale mail
rNeg   . . .     Conserve .     l - +2 shield
rPois  .         rCorr    .     (no helmet)
rElec  .         rRot     .     (no cloak)
SustAb . .       Spirit   +     (no gloves)
rMut   .         Warding  .     (no boots)
Gourm  .         Stasis   .     q - amulet of guardian spirit
MR     .....                    (no ring)
                                i - +2 ring of protection

@: confused, brilliant, lethally poisoned, bribing [], not resistant to hostile
enchantments, extremely unstealthy
A: no striking features
a: no special abilities


You were on level 3 of the Dungeon.
You were hungry.

You visited 1 branch of the dungeon, and saw 3 of its levels.

You collected 217 gold pieces.

Inventory:

Hand weapons
 b - a +0,+0 crossbow
 p - a cursed -3,-2 hand axe (weapon)
Missiles
 d - 23 bolts
Armour
 a - a +2 scale mail (worn)
 l - a +2 shield (worn)
Magical devices
 j - a wand of digging (17)
Comestibles
 f - a bread ration
 t - a pear
Scrolls
 c - 2 scrolls of teleportation
 e - 5 scrolls of identify
 r - a scroll of blinking
 s - a scroll of magic mapping
Jewellery
 h - an uncursed ring of wizardry
 i - a +2 ring of protection (left hand)
 q - an amulet of guardian spirit (around neck)
Potions
 n - a potion of might {unknown}
 u - a potion of berserk rage {unknown}


   Skills:
 - Level 1.4 Fighting
 + Level 3.0 Axes
   Level 2.0 Bows
 - Level 1.0 Crossbows
 - Level 4.3 Armour
 - Level 0.8 Dodging
 + Level 2.2 Shields
 - Level 2.0 Evocations


You had 4 spell levels left.
You didn't know any spells.

Dungeon Overview and Level Annotations

Branches:
Dungeon (3/15)

Altars:


Message History

You are lethally poisoned!
It was a potion of poison.
* * * LOW HITPOINT WARNING * * *
You feel sick.
The orc priest calls down the wrath of Beogh upon you.
Pain shoots through your body!
* * * LOW HITPOINT WARNING * * *
Drink which item? (? for menu, Esc to quit)
You are confused.
It was a potion of confusion.
* * * LOW HITPOINT WARNING * * *
You feel sick.
The orc priest glows brightly for a moment.
You hit the orc priest.
The orc priest is heavily wounded.
* * * LOW HITPOINT WARNING * * *
You feel sick.
The orc priest calls down the wrath of Beogh upon you.
Something smites you!
You die...

#
.........#.##..........%....#
.........#.##.........<<....#
.........o.............).....
#########.#######.###......#
#.# #.# #......# #o# #.#
#......# #.# #.# #......#
#########.#######.###......#
.........oo@................
#########.####.##.###..#####
#.# ##.##%###..# # #.#
#...#.#....# # #.#
#...#.#....#####
#######.###...#.#.........
#........##...#.#....#####
.................###.#####
#.........................


You could see an orc priest and an orc.

Vanquished Creatures
  An orc wizard (D:3)
  Ijyb (D:2)
  4 adders (D:2)
  An ooze (D:1)
  An orc (D:2)
  6 bats
  2 giant cockroaches
  9 hobgoblins
  8 jackals (D:3)
  A quokka (D:3)
  A giant gecko (D:3)
  A giant newt (D:2)
  5 goblins
  5 kobolds
  8 rats
54 creatures vanquished.

Notes
Turn   | Place    | Note
--------------------------------------------------------------
     0 | D:1      | Qrupt, the Human Wanderer, began the quest for the Orb.
     0 | D:1      | Reached XP level 1. HP: 15/15 MP: 1/1
   111 | D:1      | Reached XP level 2. HP: 21/21 MP: 2/2
   556 | D:2      | Reached XP level 3. HP: 23/26 MP: 4/4
   562 | D:2      | Reached skill level 1 in Axes
   970 | D:2      | Reached XP level 4. HP: 20/32 MP: 5/5
  1029 | D:2      | Reached skill level 1 in Shields
  1146 | D:2      | Noticed Ijyb
  1180 | D:2      | Killed Ijyb
  2030 | D:3      | Reached XP level 5. HP: 35/37 MP: 4/6
  2388 | D:3      | HP: 1/37 [poison (a potion of poison)]
  2388 | D:3      | Killed from afar by an orc priest

Action                   |  1- 3 |  4- 6 || total
-------------------------+-------+-------++-------
Melee: Hand axe          |    83 |   330 ||   413
 Fire: Crossbow          |    34 |       ||    34
Evoke: Wand              |       |     1 ||     1
  Use: Scroll            |     6 |       ||     6
       Potion            |       |     5 ||     5
